 Dungeon Sprint DCSS version 0.31-a0-664-g902f515a81 (webtiles) character file.

Game seed: 15168691995995286838

548 rocky1 the Carver (level 7, -23/50 HPs)
             Began as a Djinni Gladiator on Sept 3, 2023.
             Was an Initiate of Gozag.
             Killed from afar by a ynoxinul (40 damage)
             ... with an entropic shot
             ... in the Dungeon (Sprint VII: "The Pits").
             The game lasted 00:02:13 (435 turns).

rocky1 the Carver (Djinni Gladiator)                 Turns: 435, Time: 00:02:15

Health: -23/50     AC:  9    Str: 13    XL:     7   Next: 54%
Gold:   774        EV: 11    Int:  9    God:    Gozag SH:  0 Dex: 17

rFire   + + +        q - +1 long sword (holy)
rCold   x . .        (no shield)
rNeg    . . .        p - +3 ring mail {rF+}
rPois   ∞            c - +0 helmet
rElec   .            (no cloak)
rCorr   .            (no gloves)
SInv    .            (boots unavailable)
Will    .....        (no amulet)
Stlth   +            (no ring)
HPRegen 0.28/turn    (no ring)
MPRegen 0.00/turn

%: no teleportation, infuse magic (-24 HP)
@: gold aura, flying
A: sickness immunity, fire resistance 2, cold vulnerability 1, float, innate
caster, HP casting, extra vitality 1
a: Renounce Religion, Potion Petition, Call Merchant, Bribe Branch


You were in the Dungeon.
You worshipped Gozag.
Gozag was pleased with you.
You visited 1 branch You collected 774 gold pieces.

Inventory:

Hand Weapons
 q - a +1 long sword of holy wrath (weapon)
Missiles
 d - 3 throwing nets (quivered)
 e - a javelin
 n - a curare-tipped dart
Armour
 c - a +0 helmet (worn)
 p - a +3 ring mail of fire resistance (worn)
Scrolls
 j - a scroll of blinking
 l - 2 scrolls of vulnerability
 m - a scroll of summoning
Potions
 f - 6 potions of curing
 g - 6 potions of heal wounds
 h - a potion of haste
 i - 3 potions of berserk rage
 k - 2 potions of invisibility


   Skills:
 - Level 3.3 Fighting
 * Level 13.8 Long Blades
 - Level 1.5 Throwing
 - Level 3.2 Dodging


You knew the following spells:

 Your Spells              Type           Power      Damage    Failure   Level
a - Slow                  Hex            0%         N/A       65%         1
b - Static Discharge      Conj/Air       0%         2-2/arc   80%         2
c - Call Canine Familiar  Summ           0%         N/A       95%         3
Your spell library was empty.

Dungeon Overview and Level Annotations

Branches:
Dungeon (1/1)

Altars:
Ashenzari
Cheibriados
Dithmenos
Elyvilon
Fedhas
Gozag
Hepliaklqana
Makhleb
Nemelex Xobeh
Okawaru
Qazlal
Ru
Trog
Uskayaw
Wu Jian
Xom
Yredelemnul
Zin
The Shining One
Jiyva
Lugonu


Innate Abilities, Weirdness & Mutations

You are immune to sickness and miasma.
You are immune to poison.
Your flesh is very heat resistant. (rF++)
You are vulnerable to cold. (rC-)
You float through the air rather than walking.
You learn spells naturally, not from books.
Your magical power is your life essence.
You have superior vitality. (+4 MHP)


Message History

You kill the ufetubus!
The ufetubus disappears in a puff of smoke!
The ufetubus barely misses you. The ufetubus hits you.
You closely miss the ynoxinul. The ufetubus hits you.
The ufetubus closely misses you.
The ynoxinul gestures.
You closely miss the ynoxinul.
The ufetubus is distracted by your dazzling golden aura.
The ufetubus shouts!
You hit the ynoxinul.
The ynoxinul convulses.
The ynoxinul is lightly wounded.
The ynoxinul misses you.
You hit the ynoxinul but do no damage.
The ynoxinul is lightly wounded.
The ufetubus is distracted by your dazzling golden aura.
The ynoxinul hits you.
The ufetubus shouts!
You hit the ynoxinul.
The ynoxinul convulses!
The ynoxinul is heavily wounded.
You hit the ynoxinul.
The ynoxinul convulses.
The ynoxinul is almost dead.
The ufetubus is no longer distracted by gold.
The ufetubus hits you but does no damage.
The ufetubus closely misses you.
The ynoxinul gestures.
You hit the ynoxinul but do no damage.
The ynoxinul is almost dead.
The ufetubus closely misses you.
The ufetubus hits you but does no damage.
The ynoxinul gestures at you. The entropic shot hits you!!
You hit the ynoxinul but do no damage.
The ynoxinul is almost dead.
The ufetubus closely misses you.
The ufetubus hits you but does no damage.
The ynoxinul gestures at you. The entropic shot hits you!!!
Ouch! That really hurt!
You die...
Your body crumbles into a pile of gold.

#.#..#.)).[##.......#
#'###########.......#
#.......# #########
#...#...# #...#...#
#.##.##.#+#
#...#...#5+
#...#...#3#
#......55@#
###########


You could see a ynoxinul and 3 ufetubi.

Vanquished Creatures
  3 floating eyes (D)
  A kobold brigand (D)
  A bullfrog (D)
  A crimson imp (D)
  A hound (D)
  An iron imp (D)
  A mummy (D)
  An adder (D)
  A ball python (D)
  A giant cockroach (D)
  A quokka (D)
  A ball python zombie (D)
  A frilled lizard (D)
  A quokka zombie (D)
16 creatures vanquished.

Notes
Turn   | Place    | Note
-------+----------+-------------------------------------------
     0 | D        | rocky1 the Djinni Gladiator began the quest for the Orb.
     0 | D        | Reached XP level 1. HP: 18/18 MP: 0/0
    19 | D        | Reached skill level 4 in Long Blades
    19 | D        | Reached XP level 2. HP: 18/23 MP: 0/0
    22 | D        | Found a bloodstained altar of Trog.
    22 | D        | Found a viscous altar of Jiyva.
    22 | D        | Found a hazy altar of Hepliaklqana.
    22 | D        | Found an opulent altar of Gozag.
    45 | D        | Found a glowing golden altar of the Shining One.
    45 | D        | Found a glowing silver altar of Zin.
    45 | D        | Found a basalt altar of Yredelemnul.
    45 | D        | Found a shimmering altar of Xom.
    45 | D        | Found an ornate altar of the Wu Jian Council.
    45 | D        | Found a sacrificial altar of Ru.
    45 | D        | Found a stormy altar of Qazlal.
    45 | D        | Found an iron altar of Okawaru.
    45 | D        | Found a sparkling altar of Nemelex Xobeh.
    45 | D        | Found a burning altar of Makhleb.
    45 | D        | Found a blossoming altar of Fedhas.
    45 | D        | Found a white marble altar of Elyvilon.
    45 | D        | Found a shadowy altar of Dithmenos.
    45 | D        | Found a snail-covered altar of Cheibriados.
    49 | D        | Found a corrupted altar of Lugonu.
    50 | D        | Found a broken altar of Ashenzari.
    50 | D        | Found a hide-covered altar of Uskayaw.
    52 | D        | Became a worshipper of Gozag Ym Sagoz the Greedy
    64 | D        | Noticed a floating eye
    67 | D        | Paralysed by a floating eye for 3 turns
    75 | D        | Paralysed by a floating eye for 3 turns
    79 | D        | Killed a floating eye
    80 | D        | Reached skill level 8 in Long Blades
    80 | D        | Reached XP level 3. HP: 28/28 MP: 0/0
    80 | D        | Learned a level 1 spell: Slow
    80 | D        | Reached XP level 4. HP: 33/33 MP: 0/0
    80 | D        | Reached XP level 5. HP: 38/38 MP: 0/0
    80 | D        | Learned a level 2 spell: Static Discharge
   199 | D        | Reached skill level 9 in Long Blades
   207 | D        | Noticed a floating eye
   207 | D        | Noticed a kobold brigand
   227 | D        | Paralysed by a floating eye for 4 turns
   236 | D        | Killed a floating eye
   237 | D        | Reached skill level 11 in Long Blades
   237 | D        | Reached XP level 6. HP: 41/43 MP: 0/0
   344 | D        | Reached skill level 12 in Long Blades
   350 | D        | Reached XP level 7. HP: 39/50 MP: 0/0
   350 | D        | Learned a level 3 spell: Call Canine Familiar
   360 | D        | Reached skill level 13 in Long Blades
   426 | D        | Noticed a ynoxinul
   435 | D        | Killed from afar by a ynoxinul

Illustrated notes

Levels and vault maps discovered:
D:        pitsprint [storerooms_1, entrance_room_1, metal_vault_2, armoury_2,
          mini_pit_1, grid_room_1, main_hall_1, silver_pit, the_coven_3,
          the_vestibule_1, steel_vault_4, golden_pit, hallway_of_sentries,
          crystal_vault_2, iron_vault_2, final_vault]

Skill      XL: |  1  2  3  4  5  6  7 |
---------------+----------------------+-----
Long Blades    | 4 8 11 12 13 | 13.8
Fighting       | 3 |  3.3
Throwing       | |  1.5
Dodging        | |  3.2

Action                     |  1- 3 |  4- 6 |  7- 9 || total
---------------------------+-------+-------+-------++-------
  Melee: Long sword        |    14 |    45 |    25 ||    84
         Punch             |       |     1 |     1 ||     2
   Stab: Sleeping          |     1 |       |       ||     1
 Armour: Leather armour    |     6 |    13 |       ||    19
         Ring mail         |       |     8 |    13 ||    21
  Dodge: Dodged            |     8 |    25 |    11 ||    44

Table legend: (Time is in decaauts)
 A = Elapsed time spent in this place.
 B = Non-inter-level travel time spent in this place.
 C = Inter-level travel time spent in this place.
 D = Time resting spent in this place.
 E = Time spent auto-exploring this place.
 F = Levels seen in this place.
 G = Mean time per level.
                   A        B        C        D        E       F      G
               +--------+--------+--------+--------+--------+-----+--------+
         Total |    425 |    403 |     22 |    127 |      0 |   1 |  425.0 |
       Dungeon |    425 |    403 |     22 |    127 |      0 |   1 |  425.0 |
               +--------+--------+--------+--------+--------+-----+--------+

Top non-repeatable levels by time:
       D: 425 daAuts
